[Event "ICC tourney 2809 (40 10)"]
[Site "Internet Chess Club"]
[Date "2022.01.29"]
[Round "4"]
[White "ZHUGE, KATHERINE:FlowingMelody"]
[Black "EKSTROM, ROLAND GABRIEL:EkstromVT2"]
[Result "1-0"]
[ICCResult "Black resigns"]
[WhiteElo "1410"]
[BlackElo "1426"]
[Opening "French: Tarrasch, closed variation"]
[ECO "C05"]
[NIC "FR.16"]
[Time "17:45:29"]
[PlyCount "37"]
[TimeControl "2400+10"]

1. e4 e6 2. d4 d5 3. Nd2 Nf6 4. e5 Nfd7 5. Ndf3 c5 6. c3 Nc6 7. Bd3 Qb6 8.
Ne2 Be7 9. O-O h6 10. Bc2 O-O 11. Qd3 f5 12. Nf4 Rf7 13. Re1 a5 14. a3 Qa7
15. Nxe6 Ndxe5 16. Nxe5 Nxe5 17. Rxe5 Bf6 18. Qxf5 Bxe6 19. Rxe6 {Black
resigns} 1-0

[Event "ICC tourney 2809 (40 10)"]
[Site "Internet Chess Club"]
[Date "2022.01.29"]
[Round "4"]
[White "OPASKA, MICHAEL:mopaska1106"]
[Black "YUAN, ETHAN:Knighthhhh"]
[Result "1-0"]
[ICCResult "Black checkmated"]
[WhiteElo "1873"]
[BlackElo "1260"]
[Opening "QGD: Harrwitz attack"]
[ECO "D35"]
[NIC "QO.16"]
[Time "17:46:09"]
[PlyCount "117"]
[TimeControl "2400+10"]

1. d4 d5 2. c4 e6 3. Nc3 Nf6 4. Bf4 a6 5. Nf3 Be7 6. e3 O-O 7. c5 b6 8. b4
Nc6 9. a3 Bb7 10. Be2 Nb8 11. O-O a5 12. Qc2 axb4 13. axb4 Ba6 14. b5 Bb7
15. Rxa8 Bxa8 16. c6 Nxc6 17. bxc6 Bxc6 18. Nb5 Bxb5 19. Bxb5 Bd6 20. Bc6
Bxf4 21. exf4 h6 22. g3 Qe7 23. Ra1 Ne4 24. Ra7 Nd6 25. Ne5 Nc4 26. Nxc4
dxc4 27. Qxc4 Rd8 28. Be4 Qd6 29. Rxc7 Qxd4 30. Rc8 Qd7 31. Rxd8+ Qxd8 32.
Qc6 Kf8 33. Qa8 Qxa8 34. Bxa8 Ke7 35. Kf1 Kd6 36. Ke2 b5 37. Kd3 Kc5 38. Kc3
b4+ 39. Kd3 Kb5 40. Kd4 f6 41. Be4 Ka4 42. Kc5 b3 43. Kd6 Ka3 44. Kxe6 Ka2
45. Kf7 b2 46. Kxg7 b1=Q 47. Bxb1+ Kxb1 48. Kxf6 Kc2 49. Ke5 Kd2 50. f5 Ke2
51. f6 Kxf2 52. f7 Kg2 53. f8=Q Kxh2 54. Qxh6+ Kxg3 55. Qd2 Kg4 56. Qe3 Kh4
57. Qg1 Kh3 58. Kf4 Kh4 59. Qg4# {Black checkmated} 1-0

[Event "ICC tourney 2809 (40 10)"]
[Site "Internet Chess Club"]
[Date "2022.01.29"]
[Round "4"]
[White "PU, LANDON:landonp"]
[Black "GEVORGYAN, DAVIT:Davo29"]
[Result "1-0"]
[ICCResult "Black resigns"]
[WhiteElo "1628"]
[BlackElo "1761"]
[Opening "Caro-Kann: advance variation"]
[ECO "B12"]
[NIC "CK.04"]
[Time "17:45:14"]
[PlyCount "63"]
[TimeControl "2400+10"]

1. e4 c6 2. d4 d5 3. e5 Bf5 4. Nf3 e6 5. Be2 c5 6. c3 Nc6 7. O-O Rc8 8. Be3
Nge7 9. Re1 Ng6 10. Nbd2 Be7 11. Nf1 cxd4 12. cxd4 O-O 13. Ng3 Bg4 14. h3
Bxf3 15. Bxf3 Na5 16. b3 Qd7 17. Qd2 Nc6 18. Qe2 Nb4 19. Rac1 Rxc1 20. Rxc1
Rc8 21. a3 Rxc1+ 22. Bxc1 Nc6 23. Qd3 Qc7 24. Bb2 Qa5 25. b4 Qa4 26. Bd1 Qa6
27. b5 Nf4 28. Qb3 Qa5 29. Bc3 Qxa3 30. bxc6 Qxb3 31. Bxb3 bxc6 32. Bd2
{Black resigns}
1-0

[Event "ICC tourney 2809 (40 10)"]
[Site "Internet Chess Club"]
[Date "2022.01.29"]
[Round "4"]
[White "GHOSH, PRARTHAN:playerlucky"]
[Black "SLAGLE, JIM:Jim1108"]
[Result "0-1"]
[ICCResult "White resigns"]
[WhiteElo "1863"]
[BlackElo "1664"]
[Opening "King's Indian: Smyslov system"]
[ECO "E61"]
[NIC "KI.76"]
[Time "17:45:25"]
[PlyCount "88"]
[TimeControl "2400+10"]

1. d4 Nf6 2. Nf3 g6 3. c4 Bg7 4. Nc3 d6 5. Bg5 O-O 6. e3 h6 7. Bh4 g5 8. Bg3
Nh5 9. Be2 Nxg3 10. hxg3 e5 11. Qc2 Nc6 12. Rd1 g4 13. Nh4 exd4 14. exd4
Nxd4 15. Qd3 Nxe2 16. Nxe2 Qf6 17. b3 Be6 18. O-O Rad8 19. Nf4 c6 20. Rfe1
d5 21. Nh5 Qc3 22. Nxg7 Qxd3 23. Rxd3 Kxg7 24. cxd5 Rxd5 25. Rxd5 cxd5 26.
Rd1 Rc8 27. Rd2 Kf6 28. f3 h5 29. Kf2 Rc3 30. Ke2 Ke5 31. Kf2 d4 32. Ke2 Kd5
33. Rd3 Rc2+ 34. Rd2 Rxd2+ 35. Kxd2 b5 36. a3 a5 37. Kd3 b4 38. axb4 axb4
39. f4 Bd7 40. Nf3 gxf3 41. gxf3 Bb5+ 42. Kd2 f5 43. Kc2 d3+ 44. Kd2 Kd4
{White resigns}
0-1

[Event "ICC tourney 2809 (40 10)"]
[Site "Internet Chess Club"]
[Date "2022.01.29"]
[Round "4"]
[White "Vishwa, Susheel:sushivishwa"]
[Black "WU, JONATHAN:qwerty9078"]
[Result "0-1"]
[ICCResult "White checkmated"]
[WhiteElo "1796"]
[BlackElo "1750"]
[Opening "Caro-Kann: advance variation"]
[ECO "B12"]
[NIC "CK.02"]
[Time "17:45:27"]
[PlyCount "88"]
[TimeControl "2400+10"]

1. e4 c6 2. d4 d5 3. e5 c5 4. dxc5 e6 5. a3 Bxc5 6. b4 Bf8 7. Bd3 g6 8. Nf3
Bg7 9. O-O Ne7 10. Nbd2 Nbc6 11. Re1 O-O 12. Nb3 Qc7 13. Bb2 b6 14. Qe2 Bb7
15. b5 Nb8 16. a4 Nd7 17. a5 Rac8 18. axb6 axb6 19. Nbd4 Ra8 20. Ba3 Nc5 21.
Nd2 Ra7 22. f4 Rfa8 23. Bb2 Na4 24. Rab1 Nxb2 25. Rxb2 Qc3 26. Rb3 Qxd4+ 27.
Kh1 Qxf4 28. Rf1 Qxe5 29. Qf2 Nf5 30. Bxf5 exf5 31. Nf3 Qd6 32. Rd3 Qc5 33.
Qh4 Ra4 34. Qh3 Qxb5 35. Ng5 h6 36. Nf3 Ra1 37. Ne1 Qb4 38. c3 Qe4 39. Qg3
Be5 40. Qf2 Rxe1 41. Qxe1 Qxd3 42. Rg1 Qe4 43. Qc1 Qf4 44. Qe1 Qxh2#
{White checkmated}
0-1

[Event "ICC tourney 2809 (40 10)"]
[Site "Internet Chess Club"]
[Date "2022.01.29"]
[Round "4"]
[White "Elkon, Alex N:Sprinless"]
[Black "ANGELCHIK, JACOB:t105mm"]
[Result "1/2-1/2"]
[ICCResult "White stalemated"]
[WhiteElo "1681"]
[BlackElo "1216"]
[Opening "Sicilian: Canal-Sokolsky attack, Sokolsky variation"]
[ECO "B52"]
[NIC "SI.01"]
[Time "17:45:15"]
[PlyCount "156"]
[TimeControl "2400+10"]

1. e4 c5 2. Nf3 d6 3. Bb5+ Bd7 4. Bxd7+ Qxd7 5. c4 Nf6 6. Nc3 Nc6 7. d4 cxd4
8. Nxd4 Nxd4 9. Qxd4 e5 10. Qd1 Be7 11. f3 O-O 12. Be3 b6 13. O-O h6 14. Rc1
Rfc8 15. b3 Rab8 16. Nd5 Nxd5 17. cxd5 Qd8 18. Qd3 Bg5 19. Rc6 Bxe3+ 20.
Qxe3 Qd7 21. Rfc1 Kf8 22. f4 Rxc6 23. Rxc6 Rc8 24. Qc3 Rxc6 25. dxc6 Qc7 26.
fxe5 dxe5 27. b4 a6 28. Qc4 b5 29. Qc5+ Ke8 30. g4 f6 31. Kf2 Qd8 32. Ke3
Qe7 33. Qc3 Qa7+ 34. Kf3 Qd4 35. Qb3 Qc4 36. Qxc4 bxc4 37. Ke3 Kd8 38. a4
Kc7 39. Kd2 Kxc6 40. Kc3 Kb6 41. Kxc4 Kc6 42. b5+ axb5+ 43. axb5+ Kd6 44. b6
Kc6 45. b7 Kxb7 46. Kd5 Kb6 47. Ke6 Kc5 48. Kf5 Kd4 49. h4 Kd3 50. Kg6 Kxe4
51. Kxg7 Kf4 52. Kxf6 Kxg4 53. Kxe5 Kxh4 54. Kf4 Kh3 55. Kf3 h5 56. Kf2 Kh2
57. Kf1 Kg3 58. Kg1 Kf4 59. Kh2 Kg4 60. Kg2 Kh4 61. Kh2 Kg4 62. Kg2 h4 63.
Kh2 Kh5 64. Kh3 Kg5 65. Kh2 Kg4 66. Kg2 h3+ 67. Kh2 Kh4 68. Kh1 Kg4 69. Kh2
Kh4 70. Kh1 Kg3 71. Kg1 Kf3 72. Kh2 Kg4 73. Kh1 Kg3 74. Kg1 Kf3 75. Kh2 Kg4
76. Kh1 Kg3 77. Kg1 h2+ 78. Kh1 Kh3 {White stalemated} 1/2-1/2

[Event "ICC tourney 2809 (40 10)"]
[Site "Internet Chess Club"]
[Date "2022.01.29"]
[Round "4"]
[White "YAO, HONGZE:Easonyao"]
[Black "MAZUMDAR, SHAURYA:raremystery"]
[Result "0-1"]
[ICCResult "White checkmated"]
[WhiteElo "1392"]
[BlackElo "1682"]
[Opening "English: Sicilian reversed"]
[ECO "A25"]
[NIC "EO.20"]
[Time "17:45:16"]
[PlyCount "48"]
[TimeControl "2400+10"]

1. c4 e5 2. Nc3 Nc6 3. g3 Bc5 4. Bg2 d6 5. e3 a6 6. Nge2 Ba7 7. d4 exd4 8.
Nxd4 Ne5 9. b3 c6 10. Bb2 Bd7 11. O-O h5 12. h4 g5 13. f4 Ng4 14. Qe1 gxh4
15. gxh4 N8h6 16. Ne4 Bf5 17. Nxf5 Nxf5 18. Bxh8 Bxe3+ 19. Kh1 d5 20. Ng5
Kd7 21. Bb2 Qb6 22. cxd5 cxd5 23. Nh3 Re8 24. Qd1 Ng3# {White checkmated}
0-1

[Event "ICC tourney 2809 (40 10)"]
[Site "Internet Chess Club"]
[Date "2022.01.29"]
[Round "4"]
[White "Renderer, Winslow Scott:BEASTMODE1"]
[Black "SZERENCSY, IAN:iszerencsy"]
[Result "0-1"]
[ICCResult "White forfeits on time"]
[WhiteElo "1565"]
[BlackElo "1733"]
[Opening "QGD: Ragozin variation"]
[ECO "D38"]
[NIC "NI.27"]
[Time "17:45:19"]
[PlyCount "62"]
[TimeControl "2400+10"]

1. d4 Nf6 2. c4 e6 3. Nc3 Bb4 4. Nf3 d5 5. Bg5 h6 6. Bh4 g5 7. Bg3 Ne4 8.
Qc2 h5 9. h3 Nxg3 10. fxg3 Nc6 11. e3 Bd6 12. Qf2 Bb4 13. a3 Bxc3+ 14. bxc3
Qf6 15. Bd3 Bd7 16. Qa2 O-O-O 17. cxd5 exd5 18. Qxd5 Rhg8 19. Qb3 Bxh3 20.
Rxh3 g4 21. Rxh5 gxf3 22. Rb1 b6 23. Ba6+ Kb8 24. gxf3 Qxf3 25. Be2 Qxe3 26.
c4 Qg1+ 27. Kd2 Qxd4+ 28. Bd3 Qf2+ 29. Kc1 Rge8 30. Rh1 Qe3+ 31. Kc2 Nd4+
{White forfeits on time}
0-1

[Event "ICC tourney 2809 (40 10)"]
[Site "Internet Chess Club"]
[Date "2022.01.29"]
[Round "4"]
[White "REDDY, TANVI CHINTHAGUNTA:tcrgm"]
[Black "Saxena, Ansh:Anshs101"]
[Result "1/2-1/2"]
[ICCResult "Game drawn by mutual agreement"]
[WhiteElo "1537"]
[BlackElo "1301"]
[Opening "Giuoco Piano"]
[ECO "C54"]
[NIC "IG.02"]
[Time "17:45:16"]
[PlyCount "140"]
[TimeControl "2400+10"]

1. e4 e5 2. Nf3 Nc6 3. Bc4 Bc5 4. c3 Nf6 5. d4 exd4 6. cxd4 Bb4+ 7. Bd2
Bxd2+ 8. Nbxd2 d5 9. exd5 Nxd5 10. Nb3 O-O 11. O-O Nb6 12. Be2 Bg4 13. Re1
Qf6 14. Qd2 Rad8 15. Rad1 Rfe8 16. h3 Bxf3 17. Bxf3 Rxe1+ 18. Rxe1 h6 19.
Bxc6 Qxc6 20. Rc1 Qd7 21. Rd1 Qa4 22. Qc3 Qc6 23. Qxc6 bxc6 24. Nc5 Nd7 25.
b4 Nxc5 26. bxc5 f6 27. f4 f5 28. Kf2 Kf7 29. g4 fxg4 30. hxg4 Ke6 31. Ke3
Re8 32. Kd3 Kd5 33. Rb1 Re4 34. Rb7 Rxd4+ 35. Ke3 Ra4 36. Rxc7 Kxc5 37. Rxg7
Ra3+ 38. Ke4 Rxa2 39. Kf5 a5 40. Kg6 a4 41. f5 Kd6 42. f6 a3 43. f7 Rf2 44.
Rg8 a2 45. Ra8 c5 46. Rxa2 Rxa2 47. f8=Q+ Kc6 48. Qxh6 Kb5 49. Qc1 Ra6+ 50.
Kf5 c4 51. g5 Kb4 52. g6 Ra5+ 53. Ke4 Ra6 54. g7 Rg6 55. Kf5 Rg2 56. Ke5 c3
57. Kd4 Rg4+ 58. Kd3 Rg3+ 59. Ke2 Rxg7 60. Qb1+ Kc4 61. Qe4+ Kb3 62. Qb1+
Kc4 63. Qd3+ Kb3 64. Qb1+ Kc4 65. Qe4+ Kb3 66. Qb1+ Ka3 67. Qa1+ Kb4 68.
Qb1+ Kc4 69. Qe4+ Kb3 70. Qb1+ Ka3 {Game drawn by mutual agreement} 1/2-1/2

[Event "ICC tourney 2809 (40 10)"]
[Site "Internet Chess Club"]
[Date "2022.01.29"]
[Round "4"]
[White "Zilbermintz, Lev:chessrex"]
[Black "SILVESTRE, ROMULO:visionaryman"]
[Result "0-1"]
[ICCResult "White resigns"]
[WhiteElo "1708"]
[BlackElo "1802"]
[Opening "Caro-Kann defense"]
[ECO "B12"]
[NIC "QO.17"]
[Time "17:46:09"]
[PlyCount "144"]
[TimeControl "2400+10"]

1. d4 c6 2. e4 g6 3. Nc3 Bg7 4. Be3 d6 5. f3 Nd7 6. Qd2 Qa5 7. Nce2 Qxd2+ 8.
Bxd2 Nb6 9. b3 f5 10. Bc3 Nf6 11. Ng3 O-O 12. O-O-O fxe4 13. Nxe4 Nxe4 14.
fxe4 Bg4 15. Re1 c5 16. h3 Bd7 17. Nf3 Rac8 18. Bb2 c4 19. c3 cxb3 20. axb3
a5 21. Bd3 a4 22. Bc2 Bh6+ 23. Kb1 e6 24. Rd1 axb3 25. Bxb3 Nc4 26. Bxc4
Rxc4 27. Rhf1 Bc6 28. Rde1 e5 29. d5 Bb5 30. Rf2 Rc7 31. Kc2 Bf4 32. Nd2 Ra8
33. Ra1 Rac8 34. Kb3 Be3 35. c4 Bxc4+ 36. Nxc4 Rxc4 37. Rf6 Rxe4 38. Rxd6
Bc5 39. Rd7 Rb4+ 40. Ka2 Ra8+ 41. Kb1 Rxb2+ 42. Kxb2 Bd4+ 43. Kb3 Rxa1 44.
d6 Ra8 45. Kc4 Rb8 46. Rc7 Bb6 47. Re7 Bd8 48. Rd7 b5+ 49. Kb4 Bh4 50. Rc7
h5 51. d7 Be7+ 52. Kb3 Rd8 53. Rb7 b4 54. Kc4 Kf7 55. Kd5 b3 56. Kc6 Ke6 57.
Rxb3 Rxd7 58. Rg3 Rd6+ 59. Kc7 g5 60. Re3 Rd2 61. g4 hxg4 62. hxg4 Bd6+ 63.
Kc6 Rc2+ 64. Kb5 Rc5+ 65. Kb4 Rc8+ 66. Kb3 Bc5 67. Rh3 Kd5 68. Rh5 Be3 69.
Rh7 e4 70. Rh3 Bf4 71. Rh7 e3 72. Re7 Be5 {White resigns} 0-1

[Event "ICC tourney 2809 (40 10)"]
[Site "Internet Chess Club"]
[Date "2022.01.29"]
[Round "4"]
[White "WANG, JACOB S:JACOBCHESS857"]
[Black "SHANKAR, AASHRITHA VIDHYA:aashushankar"]
[Result "1-0"]
[ICCResult "Black checkmated"]
[WhiteElo "1385"]
[BlackElo "1403"]
[Opening "Sicilian"]
[ECO "B50"]
[NIC "SI.01"]
[Time "17:45:56"]
[PlyCount "85"]
[TimeControl "2400+10"]

1. e4 c5 2. Nf3 d6 3. c3 Nf6 4. Be2 e6 5. O-O Be7 6. d3 O-O 7. Re1 Nc6 8.
Bf1 Re8 9. Nbd2 b5 10. d4 c4 11. a4 bxa4 12. Qxa4 Bb7 13. Bxc4 d5 14. Bb5
Qc7 15. exd5 Nxd5 16. Nf1 Nb6 17. Qb3 Rec8 18. Ne3 Bf8 19. Bd2 g6 20. Rac1
a6 21. Bd3 Bg7 22. Nc4 Nxc4 23. Qxc4 a5 24. Be4 Qd7 25. Qe2 Ne7 26. Bxb7
Qxb7 27. Bf4 Nd5 28. Bg3 a4 29. Ra1 a3 30. bxa3 Nxc3 31. Qd3 Nd5 32. Reb1
Qe7 33. Rb3 Ra4 34. h3 Rac4 35. Kh2 Qa7 36. Rab1 Bxd4 37. Bb8 Qa4 38. Nxd4
Rxd4 39. Qg3 Rdc4 40. Be5 Ne7 41. Qg5 Qe8 42. Qf6 Qf8 43. Qh8#
{Black checkmated}
1-0

[Event "ICC tourney 2809 (40 10)"]
[Site "Internet Chess Club"]
[Date "2022.01.29"]
[Round "4"]
[White "SHOOR, RAJESH:shoorrk"]
[Black "DHURJATI, ANAGHA:amdink"]
[Result "1/2-1/2"]
[ICCResult "Game drawn because neither player has mating material"]
[WhiteElo "1631"]
[BlackElo "1463"]
[Opening "Queen's pawn: London system"]
[ECO "A45"]
[NIC "QP.07"]
[Time "17:45:20"]
[PlyCount "136"]
[TimeControl "2400+10"]

1. d4 Nf6 2. Bf4 d5 3. e3 e6 4. Nd2 Nbd7 5. Bd3 c5 6. c3 Be7 7. h3 Qb6 8.
Qb3 Qd8 9. Qd1 O-O 10. Ngf3 b6 11. Qe2 Bb7 12. O-O Rc8 13. Rad1 Re8 14. Ne5
Nxe5 15. dxe5 Nd7 16. Qh5 Nf8 17. Bh2 d4 18. exd4 cxd4 19. Nb3 Ng6 20. Nxd4
Bc5 21. Nf3 Bxf3 22. Qxf3 Qg5 23. Qe4 Rcd8 24. b4 Be7 25. a3 Qh4 26. Qxh4
Nxh4 27. f4 Nf5 28. Bxf5 exf5 29. c4 Rc8 30. Rd7 a5 31. bxa5 bxa5 32. Rd5
Bxa3 33. Rxa5 Bb4 34. Rd5 Rxc4 35. Rfd1 h6 36. Rd8 Rxd8 37. Rxd8+ Kh7 38.
Kf2 Bc5+ 39. Kf3 Rc3+ 40. Ke2 Bb4 41. Bg1 Bc5 42. Rc8 Bd4 43. Rxc3 Bxc3 44.
Kd3 Be1 45. Be3 Kg6 46. Kc4 Kh5 47. Kd5 g5 48. Kd6 Kg6 49. Ke7 g4 50. hxg4
fxg4 51. e6 fxe6 52. Kxe6 h5 53. f5+ Kh7 54. f6 Bb4 55. f7 h4 56. Bg5 h3 57.
gxh3 g3 58. Be7 Bxe7 59. Kxe7 g2 60. f8=Q g1=Q 61. Qf5+ Kh6 62. Qf6+ Kh7 63.
Qh4+ Kg7 64. Qf6+ Kh7 65. Qf5+ Kg7 66. Qg4+ Qxg4 67. hxg4 Kg6 68. g5 Kxg5
{Game drawn because neither player has mating material}
1/2-1/2

[Event "ICC tourney 2809 (40 10)"]
[Site "Internet Chess Club"]
[Date "2022.01.29"]
[Round "4"]
[White "WU, ISAAC MENGYUAN:IsaacMengyuanWu"]
[Black "Feng, Jay:TheDeadlyPawn"]
[Result "0-1"]
[ICCResult "White resigns"]
[WhiteElo "1449"]
[BlackElo "1568"]
[Opening "Caro-Kann: advance variation"]
[ECO "B12"]
[NIC "CK.02"]
[Time "17:45:16"]
[PlyCount "142"]
[TimeControl "2400+10"]

1. e4 c6 2. d4 d5 3. e5 c5 4. c3 Nc6 5. Nf3 cxd4 6. cxd4 Bg4 7. Be2 e6 8.
Nc3 Nge7 9. O-O Nf5 10. Be3 Be7 11. Rc1 O-O 12. h3 Bh5 13. a3 a6 14. Re1 Rc8
15. Qd2 b5 16. b4 Qb6 17. Red1 f6 18. exf6 Bxf6 19. Ng5 Bxe2 20. Nxe2 Bxg5
21. Bxg5 Rfe8 22. Be3 Nd6 23. Nf4 Nc4 24. Qc3 Nd8 25. Qb3 Nf7 26. Nd3 Nfd6
27. Nc5 a5 28. Bf4 a4 29. Qf3 Qc6 30. Qg4 Ne4 31. Nxe4 dxe4 32. Bh6 Qb7 33.
Kh2 Kh8 34. Bf4 Nxa3 35. Rxc8 Qxc8 36. Be5 Qb7 37. Qh5 Re7 38. Bd6 Rf7 39.
d5 Qd7 40. dxe6 Qxe6 41. Be5 Rd7 42. Qg5 Kg8 43. Rd6 Qe7 44. Qg3 Rxd6 45.
Bxd6 Qd7 46. Bc5 Nc4 47. Qb8+ Kf7 48. Qf4+ Ke8 49. Qxe4+ Kd8 50. Qa8+ Qc8
51. Qd5+ Qd7 52. Qa8+ Qc8 53. Qa7 Qc7+ 54. Qxc7+ Kxc7 55. Bd4 g6 56. Kg3 Kd7
57. Kg4 Ke6 58. Kg5 Kf7 59. Kh6 Kg8 60. f4 a3 61. Ba1 Nb2 62. g4 Nd3 63. f5
gxf5 64. gxf5 Nxb4 65. f6 Nd5 66. Kg5 b4 67. Kf5 Kf7 68. Ke5 b3 69. Kd4 b2
70. Bxb2 axb2 71. Kxd5 b1=Q {White resigns} 0-1

[Event "ICC tourney 2809 (40 10)"]
[Site "Internet Chess Club"]
[Date "2022.01.29"]
[Round "4"]
[White "BONNELL, LEO W:bonnelleo1"]
[Black "Gyorgy, Zalan:z88"]
[Result "1/2-1/2"]
[ICCResult "Game drawn by mutual agreement"]
[WhiteElo "1696"]
[BlackElo "1586"]
[Opening "Queen's pawn game, Darooha variation "]
[ECO "D02"]
[NIC "QP.08"]
[Time "17:45:17"]
[PlyCount "177"]
[TimeControl "2400+10"]

1. d4 d5 2. Nf3 Nf6 3. g3 e6 4. Bg2 c5 5. O-O Nc6 6. c4 dxc4 7. dxc5 Qxd1 8.
Rxd1 Bxc5 9. Nbd2 Ng4 10. Ne4 Be7 11. Bf4 O-O 12. h3 Nf6 13. Nd6 Bxd6 14.
Rxd6 Nd5 15. Rc1 Nxf4 16. gxf4 Na5 17. Ne5 Rb8 18. Nxc4 Nxc4 19. Rxc4 Re8
20. Rc7 Kf8 21. Rd4 e5 22. fxe5 Rxe5 23. Rd8+ Re8 24. Rxe8+ Kxe8 25. Kh2 Be6
26. b3 Rd8 27. Rxb7 Rd2 28. Rxa7 Rxe2 29. Kg3 Rc2 30. Be4 Rc3+ 31. f3 h6 32.
h4 Kd8 33. Kf4 Kc8 34. Ke5 Kb8 35. Rb7+ Kc8 36. Ra7 Kb8 37. Ra6 Kc7 38. b4
Rc1 39. b5 Rc5+ 40. Kd4 Rxb5 41. a4 Rh5 42. Rc6+ Kb8 43. Rb6+ Ka7 44. Rb1
Rxh4 45. Ke5 Rh5+ 46. Kf4 Ra5 47. Ra1 Kb6 48. Rb1+ Kc5 49. Rb5+ Rxb5 50.
axb5 Kxb5 51. Ke5 Kc5 52. f4 Bd7 53. f5 f6+ 54. Kf4 Kd4 55. Bf3 Bb5 56. Bh5
Bc6 57. Be2 Bd5 58. Bh5 Bc4 59. Bg4 Kd3 60. Bh5 Bd5 61. Bg4 Kd4 62. Bh5 Bc6
63. Bf7 Kd3 64. Bh5 Kd4 65. Bf7 Kc5 66. Kg4 Kd6 67. Kh5 Ke7 68. Bc4 Be8+ 69.
Kg4 Bf7 70. Bb5 g6 71. fxg6 Bxg6 72. Bc6 Ke6 73. Kf4 f5 74. Bb7 h5 75. Bf3
Kf6 76. Bg2 Bf7 77. Bh3 Bg6 78. Bg2 h4 79. Bh3 Bh7 80. Bg2 Bg8 81. Bh3 Be6
82. Bg2 Kg6 83. Bh3 Bd7 84. Bg2 Kf6 85. Bh3 Bc8 86. Bg2 Ke6 87. Bh3 Kd5 88.
Kg5 Ke4 89. Kxh4 {Game drawn by mutual agreement} 1/2-1/2

[Event "ICC tourney 2809 (40 10)"]
[Site "Internet Chess Club"]
[Date "2022.01.29"]
[Round "5"]
[White "LEONG, ANSON:CaptainAL13"]
[Black "RAMASWAMY, PUDUR:clair"]
[Result "1-0"]
[ICCResult "Black checkmated"]
[WhiteElo "1381"]
[BlackElo "1764"]
[Opening "Giuoco Pianissimo: Italian four knights variation"]
[ECO "C55"]
[NIC "IG.01"]
[Time "20:00:23"]
[PlyCount "49"]
[TimeControl "2400+10"]

1. e4 e5 2. Nf3 Nc6 3. Bc4 Nf6 4. d3 Bc5 5. Nc3 d6 6. h3 h6 7. Bd2 O-O 8. g4
Nd4 9. g5 Nh5 10. Nxd4 exd4 11. Qxh5 dxc3 12. bxc3 Be6 13. Bxe6 fxe6 14. d4
Bb6 15. gxh6 Qe8 16. Qg5 Qf7 17. O-O-O Qf6 18. Qg4 Kh7 19. hxg7 Qxg7 20.
Qh5+ Kg8 21. Rhg1 Rxf2 22. Rxg7+ Kxg7 23. Rg1+ Kf8 24. Qh7 Bxd4 25. Rg8#
{Black checkmated}
1-0

[Event "ICC tourney 2809 (40 10)"]
[Site "Internet Chess Club"]
[Date "2022.01.29"]
[Round "5"]
[White "WAKIDA, KEN:Yamato1945"]
[Black "OPASKA, MICHAEL:mopaska1106"]
[Result "1-0"]
[ICCResult "Black resigns"]
[WhiteElo "1617"]
[BlackElo "1873"]
[Opening "QGD: exchange, positional line, 5...c6"]
[ECO "D35"]
[NIC "QO.16"]
[Time "20:00:37"]
[PlyCount "59"]
[TimeControl "2400+10"]

1. d4 d5 2. c4 e6 3. Nc3 Nf6 4. cxd5 exd5 5. Bg5 c6 6. Nf3 a5 7. a3 Be7 8.
e3 Na6 9. Bd3 Nc7 10. O-O Ne6 11. Bh4 O-O 12. Bg3 Bd7 13. h3 b5 14. Qc2 b4
15. axb4 axb4 16. Ne2 Qb6 17. Ne5 g6 18. Bh4 b3 19. Qc3 Rxa1 20. Rxa1 Be8
21. Ra6 Qb7 22. Nxc6 Bxc6 23. Rxc6 Ra8 24. Kh2 Ne4 25. Bxe4 Bxh4 26. Bxd5
Bxf2 27. Qc4 Qb8+ 28. g3 h5 29. Bxe6 h4 30. Rc8+ {Black resigns} 1-0

[Event "ICC tourney 2809 (40 10)"]
[Site "Internet Chess Club"]
[Date "2022.01.29"]
[Round "5"]
[White "SZERENCSY, IAN:iszerencsy"]
[Black "Zilbermintz, Lev:chessrex"]
[Result "1/2-1/2"]
[ICCResult "Game drawn by mutual agreement"]
[WhiteElo "1733"]
[BlackElo "1708"]
[Opening "English opening"]
[ECO "A10"]
[NIC "EO.64"]
[Time "20:02:45"]
[PlyCount "156"]
[TimeControl "2400+10"]

1. c4 g5 2. d4 h6 3. Nc3 Bg7 4. e3 e5 5. Nf3 Nc6 6. d5 Nce7 7. h4 g4 8. Nh2
h5 9. d6 cxd6 10. Qxd6 Nf5 11. Qc5 d6 12. Qb5+ Kf8 13. g3 a6 14. Qb4 Nge7
15. Bg2 Nc6 16. Bxc6 bxc6 17. O-O Be6 18. Rd1 c5 19. Qa4 Qb6 20. Bd2 Ke7 21.
Nf1 Rhc8 22. e4 Nd4 23. Ne3 Kf8 24. b3 Qb4 25. Qxb4 cxb4 26. Ncd5 Bxd5 27.
Nxd5 Rab8 28. Bxb4 Rc6 29. Bc3 Nf3+ 30. Kg2 Rb7 31. Ne3 Kg8 32. Nf5 Bf8 33.
Rd5 f6 34. Rad1 Rbb6 35. Ba5 Rb7 36. Nxd6 Bxd6 37. Rxd6 Rxd6 38. Rxd6 Kf7
39. Rxa6 Nd4 40. Bb6 Nf3 41. Ra7 Rxa7 42. Bxa7 Ne1+ 43. Kf1 Nd3 44. a4 Ke6
45. a5 Kd7 46. Ke2 Nc1+ 47. Ke3 Nxb3 48. Bb6 Kc6 49. f3 gxf3 50. Kxf3 Nd2+
51. Ke2 Nxc4 52. Bd8 Nd6 53. Kf3 f5 54. exf5 Nxf5 55. g4 hxg4+ 56. Kxg4 Nxh4
57. Kxh4 e4 58. Kg3 e3 59. Kf3 Kb7 60. Kxe3 Ka8 61. Kd4 Kb7 62. Kc5 Ka8 63.
Kb6 Kb8 64. Bc7+ Ka8 65. Kc6 Ka7 66. Bb6+ Ka8 67. a6 Kb8 68. Kd7 Ka8 69. Bc5
Kb8 70. Bb6 Ka8 71. a7 Kb7 72. Kd8 Ka8 73. Bg1 Kb7 74. Kd7 Ka8 75. Kd6 Kb7
76. Bb6 Ka8 77. Kd7 Kb7 78. Kd8 Ka8 {Game drawn by mutual agreement} 1/2-1/2

[Event "ICC tourney 2809 (40 10)"]
[Site "Internet Chess Club"]
[Date "2022.01.29"]
[Round "5"]
[White "Liao, Connor:che2468"]
[Black "Elkon, Alex N:Sprinless"]
[Result "0-1"]
[ICCResult "White checkmated"]
[WhiteElo "1511"]
[BlackElo "1681"]
[Opening "King's Indian: East Indian defense"]
[ECO "A48"]
[NIC "QP.06"]
[Time "20:00:31"]
[PlyCount "94"]
[TimeControl "2400+10"]

1. d4 Nf6 2. Nf3 g6 3. e3 d5 4. b3 Bg7 5. Bb2 O-O 6. Bd3 c5 7. O-O cxd4 8.
exd4 Nc6 9. a3 Bg4 10. h3 Bxf3 11. Qxf3 Qb6 12. Qe3 Nd7 13. Nd2 Bxd4 14.
Bxd4 Qxd4 15. Rfe1 Qxe3 16. Rxe3 e6 17. Bb5 Rac8 18. c4 d4 19. Rd3 Nc5 20.
Rf3 Ne5 21. Rf4 a6 22. Ba4 Nxa4 23. bxa4 Rfd8 24. Rc1 Nd3 25. Rxf7 Kxf7 26.
Rb1 Nc5 27. Nf3 Kf6 28. g4 g5 29. h4 h6 30. hxg5+ hxg5 31. Kf1 d3 32. Ke1
Nxa4 33. Rxb7 Rxc4 34. Kd1 Rc2 35. Ke1 d2+ 36. Nxd2 Rdxd2 37. Kf1 Rxf2+ 38.
Kg1 Rfd2 39. Rb1 Nc3 40. Re1 Rg2+ 41. Kh1 Rh2+ 42. Kg1 Rcg2+ 43. Kf1 Ne2 44.
Rxe2 Rxe2 45. a4 Ra2 46. Kg1 Rhb2 47. a5 Ra1# {White checkmated} 0-1

[Event "ICC tourney 2809 (40 10)"]
[Site "Internet Chess Club"]
[Date "2022.01.29"]
[Round "5"]
[White "WU, JONATHAN:qwerty9078"]
[Black "SILVESTRE, ROMULO:visionaryman"]
[Result "1-0"]
[ICCResult "Black checkmated"]
[WhiteElo "1750"]
[BlackElo "1802"]
[Opening "Sicilian: closed"]
[ECO "B23"]
[NIC "SI.44"]
[Time "20:00:22"]
[PlyCount "67"]
[TimeControl "2400+10"]

1. e4 c5 2. Nc3 d6 3. d4 cxd4 4. Qxd4 Nc6 5. Qd2 a6 6. b3 g6 7. Bb2 Bg7 8.
Nge2 Bd7 9. f3 Rc8 10. h4 h5 11. O-O-O Qa5 12. Nd5 Bh6 13. f4 Qxd2+ 14. Rxd2
f6 15. Kb1 Bg4 16. g3 Bf3 17. Bh3 Rd8 18. Re1 Bxe4 19. Nc7+ Kf7 20. Be6+ Kg7
21. Nd4 Nxd4 22. Rxd4 Bf5 23. Bxf5 gxf5 24. Ne6+ Kg6 25. Nxd8 Bf8 26. Ne6
Bh6 27. Nc7 Bf8 28. Nd5 e5 29. Rc4 Nh6 30. Rc7 b5 31. fxe5 fxe5 32. Bxe5
dxe5 33. Rxe5 f4 34. Rg5# {Black checkmated} 1-0